 Dungeon Crawl Stone Soup version 0.20-a0-903-g7e3609c (webtiles) character file.

13 joejoepie the Caller (level 2, -2/15 HPs)
             Began as a Deep Elf Summoner on Mar 20, 2017.
             Slain by an adder (5 damage)
             ... on level 2 of the Dungeon.
             The game lasted 00:11:12 (1440 turns).

joejoepie the Caller (Deep Elf Summoner)            Turns: 1440, Time: 00:11:12

Health: -2/15      AC:  3    Str:  5    XL:     2   Next: 24%
Magic:  4/7        EV: 12    Int: 19    God:
Gold:   116        SH:  3    Dex: 15    Spells: 4/7 levels left

rFire    . . .     SeeInvis .   m - +0 dagger
rCold    . . .     Gourm    .   a - +0 robe
rNeg     . . .     Faith    .   n - +0 buckler
rPois    .         Spirit   .   (helmet restricted)
rElec    .         Reflect  .   (no cloak)
rCorr    .         Harm     .   (no gloves)
MR       .....                  (no boots)
Stlth    ++........             (no amulet)
Regen    0.1/turn               (no ring)
MPRegen  0.1/turn               (no ring)

@: lethally poisoned (-2 -> -8)
A: antennae 1, talons 1, rugged brown scales 1, low mp 1
a: no special abilities


You were on level 2 of the Dungeon.
You were not hungry.

You visited 1 branch of the dungeon, and saw 2 of its levels.

You collected 116 gold pieces.

Inventory:

Hand Weapons
 g - a +0 club
 m - a +0 dagger (weapon)
Missiles
 i - 26 sling bullets
Armour
 a - a +0 robe (worn)
 j - a +0 robe
 n - a +0 buckler (worn)
Scrolls
 e - a scroll of fog {unknown}
 f - a scroll of teleportation
 l - a scroll of identify
Books
 b - a book of Callings

   Spells                             Type                      Level
   a - Summon Small Mammal            Summoning                    1
   b - Call Imp                       Summoning                    2
   c - Call Canine Familiar           Summoning                    3
   d - Summon Guardian Golem          Hexes/Summoning              3
   e - Summon Lightning Spire         Summoning/Air                4
   f - Summon Ice Beast               Ice/Summoning                4
Comestibles
 d - a meat ration
 h - 2 inedible chunks of flesh


   Skills:
   Level 0.1 Axes
 + Level 2.5 Dodging
 + Level 2.6 Stealth
 + Level 3.1 Spellcasting
 + Level 4.8 Summonings


You had 4 spell levels left.
You knew the following spells:

 Your Spells              Type           Power        Failure   Level  Hunger
a - Summon Small Mammal   Summ           ###.         3%          1    None
b - Call Imp              Summ           ###.....     6%          2    ##.....


Dungeon Overview and Level Annotations

Branches:
Dungeon (2/15)

Altars:


Innate Abilities, Weirdness & Mutations

You have a pair of small antennae on your head.
You have sharp toenails.
You are partially covered in rugged brown scales. (AC +1, +3% HP)
Your magical capacity is low. (-10% MP)


Message History

Your bat misses the adder. Your bat hits the adder. The adder misses you.
Your bat completely misses the adder.
The adder closely misses you.
Your bat hits the adder but does no damage.
The adder barely misses your bat.
Your crimson imp misses the adder.
Your bat misses the adder.
Your bat completely misses the adder.
Your crimson imp barely misses the adder.
You closely miss the adder.
The adder is moderately wounded.
Your bat disappears in a puff of smoke!
You block the adder's attack.
Your crimson imp blinks!
The adder bites you.
* * * LOW HITPOINT WARNING * * *
You are lethally poisoned!
The adder poisons you!
* * * LOW HITPOINT WARNING * * *
You feel sick. The adder barely misses you. The adder bites you.
You die...

........# #######.# #####.#
#.....############# ########
#.#...............# #......###
##.#.....5.........# #......#..
#..................####.........
#..................#............
..........##....@...#............
..####....##.....S..#.........##.
..####...[####.###..#...(.....##.
#........##.###.####............
+..........#.#_#.#.......##.....
#........####.###.##.....##.....
#....###....###.###......##.....
...... #................###.....
...#.. .................# #.....


You could see an adder and a friendly crimson imp.

Vanquished Creatures
  A giant cockroach (D:1)
  A hobgoblin (D:2)
  A kobold (D:1)
  A bat (D:1)
  A goblin (D:1)
5 creatures vanquished.

Vanquished Creatures (collateral kills)
  4 goblins (D:1)
  A hobgoblin (D:1)
  4 kobolds
  2 bats (D:1)
11 creatures vanquished.

Grand Total: 16 creatures vanquished

Notes
Turn   | Place    | Note
-------+----------+-------------------------------------------
     0 | D:1      | joejoepie the Deep Elf Summoner began the quest for the Orb.
     0 | D:1      | Reached XP level 1. HP: 10/10 MP: 6/6
   778 | D:1      | Reached XP level 2. HP: 15/15 MP: 6/8
   841 | D:1      | Learned a level 2 spell: Call Imp
  1228 | D:2      | Gained mutation: Your magical capacity is low. (-10% MP) [potion of mutation]
  1228 | D:2      | Gained mutation: You have sharp toenails. [potion of mutation]
  1228 | D:2      | Gained mutation: You have a pair of small antennae on your head. [potion of mutation]
  1228 | D:2      | Gained mutation: You are partially covered in rugged brown scales. (AC +1, +3% HP) [potion of mutation]
  1359 | D:2      | Found a faded altar of an unknown god.
  1440 | D:2      | Slain by an adder

Vault maps used:
D:1:      minmay_arrival_four_circles, hangedman_decor_diamond_cutter,
          minmay_misc_feat_room, hangedman_decor_opposing
D:2:      chequers_ecumenical_altar_twisty, minmay_strange_pillars

Action                   || total
-------------------------++-------
Melee: Dagger            ||    32
       Hand axe          ||     7
 Cast: Summon Small Mamm ||    17
       Call Imp          ||     3
  Use: Scroll            ||     2
       Potion            ||     4
 Stab: Sleeping          ||     1
  Eat: Bread ration      ||     1
Armor: Robe              ||    15
Dodge: Dodged            ||    40
Block: Buckler           ||     2
